 Dungeon Crawl Stone Soup version 0.28-a0-48-gfd831c5874 (webtiles) character file.

Game seed: 3520978180692805481

145 flotson the Sneak (level 5, -2/61 HPs)
             Began as a Demonspawn Delver on July 30, 2021.
             Slain by an adder (3 damage)
             ... on level 4 of the Dungeon.
             The game lasted 00:05:20 (3686 turns).

flotson the Sneak (Demonspawn Delver)               Turns: 3686, Time: 00:05:20

Health: -2/61      AC: 22    Str: 13    XL:     5   Next: 6%
Magic:  5/5        EV:  2    Int: 11    God:
Gold:   127        SH:  0    Dex: 15    Spells: 4/4 levels left

rFire   . . .      SeeInvis .   a - +0 hand axe
rCold   . . .      Faith    .   (no shield)
rNeg    + + +      Spirit   .   (armour currently unavailable)
rPois   +          Reflect  .   (helmet currently unavailable)
rElec   .          Harm     .   (cloak currently unavailable)
rCorr   .          Rampage  .   (gloves currently unavailable)
Will    .....      NoTele   +   (boots currently unavailable)
Stlth   +++.......              (no amulet)
HPRegen 0.20/turn               (no ring)
MPRegen 0.09/turn               (no ring)

@: lethally poisoned (-2 -> -4), tree-form, very slightly contaminated, hasted,
invisible, very quick
A: stationary, stasis, torment immunity, boosted hp, (claws 1), screaming 1
a: no special abilities


You were on level 4 of the Dungeon.
You were a tree.
You visited 1 branch of the dungeon, and saw 5 of its levels.

You collected 127 gold pieces.

Inventory:

Hand Weapons
 a - a +0 hand axe (weapon)
 b - a +0 hunting sling
Missiles
 n - 2 poisoned darts (quivered)
 s - 32 sling bullets
Armour
 q - a +0 pair of gloves (melded)
 u - a +0 ring mail (melded)
Wands
 g - a wand of digging (3)
 h - a wand of polymorph (5)
 x - a wand of iceblast (5)
Scrolls
 c - 2 scrolls of fog
 d - 2 scrolls of magic mapping
 e - 3 scrolls of fear
 i - a scroll of amnesia {unknown}
 j - a scroll of immolation {unknown}
 l - a scroll of noise {unknown}
 m - 2 scrolls of teleportation {unknown}
 p - a scroll of blinking {unknown}
 t - 3 scrolls of identify {unknown}
 v - a scroll of enchant weapon {unknown}


   Skills:
 + Level 3.6 Fighting
 + Level 2.6 Axes
 + Level 1.7 Throwing
 + Level 1.6 Armour
 + Level 2.6 Dodging
 - Level 4.5 Stealth
 + Level 0.0 Evocations


You had 4 spell levels left.
You didn't know any spells.
Your spell library contained the following spells:

 Spells                   Type           Power      Damage    Failure   Level
 Sandblast                Erth           0%         2d4       34%         1
 Passwall                 Tmut/Erth      0%         N/A       47%         2
 Lee's Rapid Deconstruct  Erth           0%         3d5*      100%        5


Dungeon Overview and Level Annotations

Branches:
Dungeon (5/15)
 Temple: D:4-7

Altars:

Shops:
D:4 :(


Innate Abilities, Weirdness & Mutations

You are a tree.
Your roots penetrate the ground, keeping you stationary.
You cannot be teleported.
You are immune to unholy pain and torment.
Your maximum health is greatly increased.
Your equipment is partially melded.
((You have sharp fingernails.))
You occasionally shout uncontrollably at your foes.


Message History

There is an open door here.
The centaur wields a +4 shortbow.
The centaur shoots an arrow.
The arrow hits you.
A jackal comes into view.
The centaur shoots an arrow.
The arrow hits you!
As you read the scroll of fear, it crumbles to dust.
You assume a fearsome visage.
The adder resists with some effort.
The jackal looks frightened!
The centaur looks frightened!
The adder bites you.
There is an open door here.
You closely miss the adder. The adder closely misses you.
The adder bites you but does no damage.
You hit the adder but do no damage. The adder closely misses you.
You barely miss the adder. The adder bites you. x2
* * * LOW HITPOINT WARNING * * *
You are poisoned.
The adder poisons you!
It was a potion of flight.
You feel very buoyant.
You fly up into the air.
You feel sick. The adder bites you but does no damage.
It was a potion of invisibility.
You fade into invisibility!
You feel sick. The adder bites you.
* * * LOW HITPOINT WARNING * * *
You are lethally poisoned!
The adder poisons you!
You are very lightly contaminated with residual magic.
It was a potion of lignification.
You turn into a tree.
Your +0 pair of gloves melds into your body.
Your +0 ring mail melds into your body.
Your roots penetrate the ground.
* * * LOW HITPOINT WARNING * * *
You feel sick.
The adder bites you but does no damage. x2
It was a potion of mutation.
You feel extremely strange.
You feel the urge to shout.
* * * LOW HITPOINT WARNING * * *
You feel sick. The adder bites you but does no damage.
Unknown command.
You feel yourself speed up.
* * * LOW HITPOINT WARNING * * *
You feel sick. The adder bites you.
You die...

.........†........
#.#.#..........^.#..
8...8............#.c ##
.....#...........#.. . .
..<..............#.#8# #..
..÷..............#.#. ...
∩÷..8.....#......... ..
...###.##'########.#.##..#
..8.............♣#..∩..!..
.................S........
8.....#..........###8.###.
......#........).# ..#
......#..........# ##
......#..........#
......############ ......#
......##


You could see an adder.

Vanquished Creatures
  A hound (D:4)
  5 adders
  An adder skeleton (D:4)
  A worm (D:2)
  A dart slug (D:1)
  11 ball pythons
  5 bats
  3 endoplasms
  2 giant cockroaches
  6 goblins
  10 hobgoblins
  2 jackals (D:1)
  5 kobolds
  4 quokkas
  6 frilled lizards
63 creatures vanquished.

Notes
Turn   | Place    | Note
-------+----------+-------------------------------------------
     0 | D:5      | flotson the Demonspawn Delver began the quest for the Orb.
     0 | D:5      | Reached XP level 1. HP: 18/18 MP: 1/1
   135 | D:5      | Noticed an iguana
   135 | D:5      | Noticed a jelly
   158 | D:4      | Found Cipnugg's Book Shop.
   162 | D:4      | Noticed a hound
   401 | D:3      | Gained mutation: You have sharp fingernails. [demonic
                  | ancestry]
   401 | D:3      | Reached XP level 2. HP: 20/24 MP: 2/2
  1089 | D:1      | Reached XP level 3. HP: 25/29 MP: 3/3
  1177 | D:1      | Reached skill level 1 in Armour
  1359 | D:1      | Reached skill level 1 in Throwing
  1584 | D:1      | Found a faded altar of an unknown god.
  2388 | D:2      | Reached XP level 4. HP: 31/35 MP: 4/4
  3437 | D:4      | Reached XP level 5. HP: 36/41 MP: 5/5
  3673 | D:4      | Found Tatzodaa's Antique Weapon Boutique.
  3674 | D:4      | Noticed a centaur
  3684 | D:4      | HP: 3/61 [poisoned by an adder]
  3685 | D:4      | Gained mutation: You occasionally shout uncontrollably at
                  | your foes. [potion of mutation]
  3686 | D:4      | HP: 1/61 [poisoned by an adder]
  3686 | D:4      | Slain by an adder

Illustrated notes

Levels and vault maps discovered:
D:1:      denvon_arrival_waterhouse, layout_basic,
          dreamdust_ecumenical_altar_angels_and_demons
D:2:      layout_basic, minmay_quadrilaterals
D:3:      layout_basic
D:4:      layout_basic, serial_shops, shop_statue, nicolae_stop_n_shop_1
D:5:      layout_basic, mainiacjoe_overflow_24_doors, mainiacjoe_overflow_paths,
          kennysheep_generic_room_15

Skill      XL: |  1  2  3 |
---------------+----------+-----
Axes           | 2 |  2.6
Dodging        | 2 |  2.6
Armour         | 1 |  1.6
Throwing       | 1 |  1.7
Fighting       | |  3.6
Stealth        | |  4.5

Action                   |  1- 3 |  4- 6 || total
-------------------------+-------+-------++-------
Melee: Hand axe          |   129 |    64 ||   193
 Fire: Hunting sling     |    24 |    14 ||    38
Throw: Dart              |     2 |       ||     2
  Use: Potion            |       |     5 ||     5
       Scroll            |       |     1 ||     1
 Stab: Sleeping          |     1 |     1 ||     2
Armor: Scale mail        |    58 |    20 ||    78
       Ring mail         |       |    25 ||    25
       Skin              |       |     3 ||     3
Dodge: Dodged            |    80 |    35 ||   115

Table legend: (Time is in decaauts)
 A = Elapsed time spent in this place.
 B = Non-inter-level travel time spent in this place.
 C = Inter-level travel time spent in this place.
 D = Time resting spent in this place.
 E = Time spent auto-exploring this place.
 F = Levels seen in this place.
 G = Mean time per level.
                   A        B        C        D        E       F      G
               +--------+--------+--------+--------+--------+-----+--------+
         Total |   3724 |   3625 |     99 |      0 |   3016 |   5 |  744.8 |
       Dungeon |   3724 |   3625 |     99 |      0 |   3016 |   5 |  744.8 |
               +--------+--------+--------+--------+--------+-----+--------+

Top non-repeatable levels by time:
     D:2: 1320 daAuts
     D:1: 1195 daAuts
     D:3: 778 daAuts
     D:4: 273 daAuts
     D:5: 157 daAuts
